 Dungeon Crawl Stone Soup version 0.28.0-53-g5a82cb258f (webtiles) character file.

Game seed: 8546911627344221774

368 bnorton916 the Magician (level 6, -1/32 HPs)
             Began as a Deep Elf Fire Elementalist on June 7, 2022.
             Killed from afar by a steam dragon (16 damage)
             ... with a ball of steam
             ... on level 5 of the Dungeon.
             The game lasted 00:04:39 (3796 turns).

bnorton916 the Magician (DEFE)                      Turns: 3796, Time: 00:04:40

Health: -1/32      AC:  4    Str: 11    XL:     6   Next: 41%
Magic:  14/16      EV: 12    Int: 22    God:
Gold:   123        SH:  0    Dex: 15    Spells: 13/16 levels left

rFire   . . .      SeeInvis .   (no weapon)
rCold   . . .      Faith    .   (no shield)
rNeg    . . .      Spirit   .   a - +0 robe
rPois   .          Reflect  .   C - +0 helmet
rElec   .          Harm     .   u - scarf {+Inv}
rCorr   .          Rampage  .   (no gloves)
Will    .....                   f - +0 pair of boots
Stlth   ++........              h - amulet of magic regeneration
HPRegen 0.10/turn               x - +6 ring of strength
MPRegen 0.55/turn               (no ring)

@: very slightly contaminated
A: no striking features
a: Evoke Invisibility


You were on level 5 of the Dungeon.
You visited 1 branch of the dungeon, and saw 5 of its levels.

You collected 123 gold pieces.

Inventory:

Hand Weapons
 j - a +1 short sword of speed
 o - a +0 dagger of speed
 B - a +2 vorpal hand axe
Missiles
 i - 64 sling bullets
 r - 99 stones
 z - 4 boomerangs
 A - 3 silver boomerangs
Armour
 a - a +0 robe (worn)
 f - a +0 pair of boots (worn)
 u - a scarf of invisibility (worn)
 C - a +0 helmet (worn)
Jewellery
 h - an amulet of magic regeneration (around neck)
 x - a +6 ring of strength (left hand)
Wands
 k - a wand of polymorph (5)
 s - a wand of flame (22)
Scrolls
 b - 3 scrolls of immolation {unknown}
 d - 6 scrolls of identify {unknown}
 g - a scroll of fog {unknown}
 l - a scroll of teleportation {unknown}
 m - a scroll of enchant armour {unknown}
 n - a scroll of fear {unknown}
 p - 2 scrolls of vulnerability {unknown}
 v - a scroll of torment {unknown}
 w - a scroll of brand weapon {unknown}
 y - a scroll of blinking {unknown}
Potions
 c - 2 potions of curing {unknown}
 e - a potion of degeneration {unknown}
 q - a potion of heal wounds {unknown}
 t - a potion of flight {unknown}


   Skills:
 - Level 2.4 Dodging
 - Level 2.4 Stealth
 + Level 5.8 Spellcasting
 + Level 4.2 Conjurations
 + Level 5.3 Fire Magic


You had 13 spell levels left.
You knew the following spells:

 Your Spells              Type           Power      Damage    Failure   Level
a - Foxfire               Conj/Fire      100%       2x1d9     1%          1
b - Scorch                Fire           58%        2d7       1%          2

Your spell library contained the following spells:

 Spells                   Type           Power      Damage    Failure   Level
 Shock                    Conj/Air       60%        1d6       4%          1
 Conjure Flame            Conj/Fire      27%        6-21      4%          3
 Inner Flame              Hex/Fire       18%        N/A       10%         3
 Flame Wave               Conj/Fire      27%        2d7       13%         4
 Gell's Gravitas          Tloc           6%         N/A       28%         3
 Lesser Beckoning         Tloc           6%         N/A       28%         3
 Swiftness                Air            6%         N/A       28%         3
 Teleport Other           Tloc           6%         N/A       28%         3
 Airstrike                Air            3%         N/A       67%         4


Dungeon Overview and Level Annotations

Branches:
Dungeon (5/15)
 Temple: D:4-7

Altars:

Shops:
D:1 *   D:4 *[

Annotations:
D:3 2 transporters, Zeld's ghost, weakling DECj
D:5 Edmund


Message History

Done exploring.
(D) Dungeon
Where to? (Enter - D:4, ? - help)
There is an open door here.
You see here a +0 hand axe.
There is a stone staircase leading down here.
You climb downwards.
Found a leather armour and 38 sling bullets.
There is a stone staircase leading up here.
Found a stone staircase leading up.
i - 45 sling bullets (gained 19)
i - 64 sling bullets (gained 19)
A steam dragon comes into view.
Found a lumpy emerald potion.
The steam dragon hisses angrily.
The steam dragon breathes steam at you. The ball of steam hits you!!
Ouch! That really hurt!
Casting: Scorch (safe; 1% risk of failure)
Confirm with . or Enter, or press ? or * to list all spells.
You conjure some foxfire!
Casting: Foxfire (safe; 1% risk of failure)
Confirm with . or Enter, or press ? or * to list all spells.
You miscast Foxfire.
You are very lightly contaminated with residual magic.
Nothing appears to happen.
The foxfire hits the steam dragon!
The steam dragon is moderately wounded.
The foxfire hits the steam dragon.
The steam dragon is moderately wounded.
Casting: Foxfire (safe; 1% risk of failure)
Confirm with . or Enter, or press ? or * to list all spells.
Flames lash the steam dragon.
The steam dragon is heavily wounded.
The steam dragon's fire resistance burns away.
You hear a shout!
Edmund the Younger comes into view.
He is wielding a +2 dire flail of protection.
The steam dragon breathes steam at you. The ball of steam hits you!
Ouch! That really hurt!
You die...

##### #...#
#######...#
+!@....D§@+
#####...# #.. ##
#...# ....
+.#####...#
#....#.......#####..
.......<[...........
#....#.......######.
######..........#
..............+


You could see Edmund and a steam dragon (catching breath, combustible).

Vanquished Creatures
  A necrophage (D:4)
  A scorpion (D:4)
  A howler monkey (D:4)
  An iguana (D:2)
  A hound skeleton (D:4)
  3 gnolls (D:2)
  3 adders
  2 worms
  A dart slug (D:2)
  7 orcs (D:4)
  5 endoplasms
  3 giant cockroaches
  5 goblins
  4 hobgoblins
  9 jackals
  3 kobolds (D:2)
  A quokka (D:4)
  5 ball pythons
  2 bats (D:1)
  2 frilled lizards
  7 rats
67 creatures vanquished.

Vanquished Creatures (others)
  An orc wizard (D:4)
  299 foxfires
300 creatures vanquished.

Grand Total: 367 creatures vanquished

Notes
Turn   | Place    | Note
-------+----------+-------------------------------------------
     0 | D:1      | bnorton916 the Deep Elf Fire Elementalist began the quest
                  | for the Orb.
     0 | D:1      | Reached XP level 1. HP: 10/10 MP: 6/6
   425 | D:1      | Reached XP level 2. HP: 15/15 MP: 4/8
   566 | D:1      | Found a faded altar of an unknown god.
   577 | D:1      | Found Yzuduinn's General Store.
  1327 | D:1      | Learned a level 2 spell: Scorch
  1373 | D:2      | Reached XP level 3. HP: 19/19 MP: 8/10
  1697 | D:2      | Reached XP level 4. HP: 24/24 MP: 9/12
  2426 | D:3      | Found a transporter.
  2445 | D:3      | Noticed Zeld's ghost (weakling DECj)
  2464 | D:3      | Found a transporter.
  2979 | D:4      | Reached XP level 5. HP: 28/28 MP: 14/14
  3024 | D:4      | Reached skill level 5 in Spellcasting
  3236 | D:4      | Reached skill level 5 in Fire Magic
  3422 | D:4      | Found Zeus's Dragon-Slaying Spoils.
  3510 | D:4      | Reached XP level 6. HP: 31/32 MP: 16/16
  3751 | D:4      | Found Vokhes's Assorted Antiques.
  3776 | D:5      | Entered Level 5 of the Dungeon
  3790 | D:5      | Noticed a steam dragon
  3796 | D:5      | Noticed Edmund
  3796 | D:5      | Killed from afar by a steam dragon

Illustrated notes

Levels and vault maps discovered:
D:1:      minmay_arrival_radiant_lines, layout_rooms,
          ebering_ecumenical_altar_sacrificial, serial_shops, shop_statue,
          hangedman_decor_points, minmay_misc_feat_tower, lemuel_flame_loot_1
D:2:      layout_rooms, kennysheep_potato
D:3:      layout_basic, gammafunk_ghost_abyssal_escape,
          kennysheep_generic_room_9
D:4:      layout_basic, serial_shops, kennysheep_mini_moat,
          nicolae_shop_dragon_depot, bh_walls_and_bars
D:5:      layout_basic, old_standard_altar, uniq_ijyb, uniq_edmund

Skill      XL: |  1  2  3  4  5  6 |
---------------+-------------------+-----
Conjurations   | 2 3 4 |  4.2
Spellcasting   | 4 5 |  5.8
Fire Magic     | 4 5 |  5.3
Dodging        | |  2.4
Stealth        | |  2.4

Action                   |  1- 3 |  4- 6 || total
-------------------------+-------+-------++-------
 Cast: Foxfire           |    88 |   100 ||   188
       Scorch            |     3 |    11 ||    14
Armor: Robe              |     2 |     5 ||     7
Dodge: Dodged            |     4 |    17 ||    21
